| Goals | Penalties |
No Goal
|
Ben Hutton (NYI) for Roughing (Minor) at 9:13 Dylan DeMelo (COL) for Tripping (Minor) at 14:07
|
1. Avalanche , Jake Sanderson 5 (J.J. Peterka 14) at 8:47
2. Avalanche , Logan O'Connor 6 (Michael Bunting 4, Leo Carlsson 4) at 16:06
3. Avalanche , Artemi Panarin 6 (Jordan Kyrou 10, Bo Horvat 11) at 19:34
4. Avalanche , David Pastrnak 12 (Brayden Point 15) at 19:48
|
Travis Dermott (NYI) for Interference (Minor) at 0:03 Travis Dermott (NYI) for Roughing (Double Minor) at 9:17
|
5. Islanders , Eric Robinson 4 (Travis Dermott 1) at 7:20
|
Alex Pietrangelo (COL) for Holding Stick (Minor) at 9:13
|
|
Jeremy Swayman (COL), 20 saves from 21 shots - (0,952), W, 13-5-1, 60:00 minutes
Chris Driedger (NYI), 33 saves from 37 shots - (0,892), L, 1-13-0, 60:00 minutes
|
|
1 - Jake Sanderson (COL)
2 - David Pastrnak (COL)
3 - Logan O'Connor (COL)
|
Referees : Damian Figueira and Hillary Brennan
Linesman : Jonny Murray and Matthew Heinen
|
|
| No Game Note
|
|
Level 1 -- Attendance: 4756 (79%) -- Ticket Income $475,600
Level 2 -- Attendance: 3778 (76%) -- Ticket Income $226,680
Level 3 -- Attendance: 2000 (100%) -- Ticket Income $70,000
Level 4 -- Attendance: 2234 (100%) -- Ticket Income $44,680
Luxury Box -- Attendance: 902 (90%) -- Ticket Income $180,400
Game was played at the Nassau Veterans Memorial.
Total Attendance: 13670 (84%)
Total Ticket Income: $997,360
Other Income: $299,208
Total Income: $1,296,568
|
| Team Name |
Goals |
Shots |
Shots Attemp |
Shots Blocked |
PIM |
HIT |
PP |
PK |
FO% |
| Avalanche |
4 | 37 | 60 | 12 | 4 | 13 | 0 / 4 (0%) | 0 | 64% |
| Islanders |
1 | 21 | 49 | 8 | 8 | 25 | 0 / 2 (0%) | 0 | 36% |
Avalanche
| Player Name |
POS |
G |
A |
P |
+/- |
PIM |
HIT |
SHT |
SB |
MP |
PP MP |
PP SHT |
PK MP |
PK SHT |
FO% |
FOT |
GA |
TA |
| Alex Pietrangelo | D | 0 | 0 | 0 | 3 | 2 | 0 | 2 | 0 | 22:35 | 3:37 | 0 | 0:53 | 0 | 0% |
0 | 0 | 0 |
| Artemi Panarin | LW/RW | 1 | 0 | 1 | 0 | 0 | 3 | 3 | 0 | 18:11 | 3:52 | 0 | 0:00 | 0 | 0% |
0 | 0 | 0 |
| Bo Horvat | C/LW/RW | 0 | 1 | 1 | 0 | 0 | 1 | 2 | 1 | 20:12 | 3:52 | 0 | 1:36 | 0 | 74% |
19 | 1 | 0 |
| Brayden Point | C/RW | 0 | 1 | 1 | 1 | 0 | 0 | 4 | 1 | 20:28 | 4:07 | 0 | 0:10 | 0 | 58% |
24 | 0 | 1 |
| David Pastrnak | RW | 1 | 0 | 1 | 1 | 0 | 1 | 6 | 1 | 19:30 | 3:52 | 0 | 0:00 | 0 | 0% |
1 | 2 | 0 |
| Dylan DeMelo | D | 0 | 0 | 0 | 0 | 2 | 3 | 1 | 0 | 14:01 | 0:13 | 0 | 1:09 | 0 | 0% |
0 | 0 | 1 |
| Esa Lindell | D | 0 | 0 | 0 | 0 | 0 | 0 | 1 | 2 | 19:09 | 0:13 | 0 | 2:19 | 0 | 0% |
0 | 0 | 0 |
| J.J. Peterka | LW/RW | 0 | 1 | 1 | 1 | 0 | 2 | 4 | 0 | 13:17 | 3:23 | 0 | 0:00 | 0 | 0% |
0 | 1 | 0 |
| Jake Sanderson | D | 1 | 0 | 1 | 3 | 0 | 0 | 4 | 2 | 23:45 | 4:07 | 0 | 1:22 | 0 | 0% |
0 | 0 | 1 |
| Jordan Kyrou | RW | 0 | 1 | 1 | 0 | 0 | 0 | 0 | 0 | 17:42 | 3:23 | 0 | 0:00 | 0 | 0% |
0 | 1 | 1 |
| Jordan Staal | C | 0 | 0 | 0 | 1 | 0 | 2 | 0 | 0 | 13:18 | 0:42 | 0 | 2:09 | 0 | 75% |
8 | 0 | 0 |
| Leo Carlsson | C/LW/RW | 0 | 1 | 1 | 1 | 0 | 0 | 0 | 0 | 8:22 | 0:42 | 0 | 0:13 | 0 | 0% |
1 | 0 | 0 |
| Logan O'Connor | RW | 1 | 0 | 1 | 1 | 0 | 0 | 2 | 3 | 9:31 | 0:00 | 0 | 2:09 | 0 | 0% |
0 | 1 | 0 |
| Matty Beniers | C | 0 | 0 | 0 | 1 | 0 | 0 | 2 | 1 | 14:33 | 3:23 | 0 | 1:01 | 0 | 0% |
0 | 0 | 0 |
| Michael Bunting | LW | 0 | 1 | 1 | 1 | 0 | 0 | 3 | 0 | 7:22 | 0:00 | 0 | 0:00 | 0 | 100% |
1 | 1 | 0 |
| Morgan Geekie | C/LW/RW | 0 | 0 | 0 | 1 | 0 | 0 | 1 | 0 | 17:19 | 0:42 | 0 | 0:38 | 0 | 0% |
1 | 1 | 0 |
| Ryker Evans | D | 0 | 0 | 0 | 0 | 0 | 0 | 0 | 0 | 14:30 | 0:00 | 0 | 1:56 | 0 | 0% |
0 | 0 | 0 |
| Travis Sanheim | D | 0 | 0 | 0 | 0 | 0 | 1 | 2 | 1 | 22:15 | 3:37 | 0 | 0:17 | 0 | 0% |
0 | 1 | 0 |
Islanders
| Player Name |
POS |
G |
A |
P |
+/- |
PIM |
HIT |
SHT |
SB |
MP |
PP MP |
PP SHT |
PK MP |
PK SHT |
FO% |
FOT |
GA |
TA |
| Anthony Duclair | LW | 0 | 0 | 0 | 0 | 0 | 1 | 2 | 0 | 17:31 | 1:30 | 0 | 1:51 | 0 | 0% |
0 | 0 | 0 |
| Ben Hutton | D | 0 | 0 | 0 | -1 | 2 | 1 | 1 | 0 | 14:32 | 0:14 | 0 | 3:16 | 0 | 0% |
0 | 0 | 0 |
| Brock McGinn | LW/RW | 0 | 0 | 0 | 0 | 0 | 0 | 1 | 1 | 10:22 | 0:15 | 0 | 0:00 | 0 | 0% |
0 | 0 | 0 |
| Collin Graf | C/RW | 0 | 0 | 0 | 0 | 0 | 2 | 0 | 0 | 7:26 | 0:15 | 0 | 0:00 | 0 | 0% |
2 | 0 | 3 |
| Conor Timmins | D | 0 | 0 | 0 | -2 | 0 | 0 | 0 | 1 | 19:08 | 0:00 | 0 | 2:13 | 0 | 0% |
0 | 0 | 1 |
| Eric Robinson | LW/RW | 1 | 0 | 1 | -3 | 0 | 2 | 4 | 0 | 21:23 | 2:13 | 0 | 2:20 | 0 | 38% |
29 | 0 | 0 |
| Evgenii Dadonov | LW/RW | 0 | 0 | 0 | -3 | 0 | 1 | 3 | 0 | 21:23 | 2:13 | 0 | 2:20 | 0 | 0% |
1 | 0 | 0 |
| Jakub Vrana | LW/RW | 0 | 0 | 0 | 0 | 0 | 0 | 2 | 0 | 13:07 | 1:36 | 0 | 1:40 | 0 | 0% |
0 | 2 | 0 |
| Josh Mahura | D | 0 | 0 | 0 | -2 | 0 | 3 | 0 | 0 | 18:40 | 0:00 | 0 | 2:24 | 0 | 0% |
0 | 0 | 1 |
| Marc-Edouard Vlasic | D | 0 | 0 | 0 | 0 | 0 | 0 | 0 | 2 | 26:00 | 1:31 | 0 | 4:22 | 0 | 0% |
0 | 0 | 1 |
| Mathieu Joseph | RW | 0 | 0 | 0 | -3 | 0 | 4 | 1 | 1 | 22:50 | 2:13 | 0 | 3:44 | 0 | 50% |
2 | 0 | 1 |
| Matt Coronato | LW/RW | 0 | 0 | 0 | 0 | 0 | 1 | 2 | 1 | 16:20 | 2:27 | 1 | 0:00 | 0 | 100% |
1 | 0 | 0 |
| Matt Martin | C/LW | 0 | 0 | 0 | 0 | 0 | 3 | 1 | 0 | 19:25 | 1:39 | 0 | 3:37 | 0 | 36% |
11 | 0 | 0 |
| Mike Hoffman | C | 0 | 0 | 0 | 0 | 0 | 3 | 1 | 0 | 10:33 | 0:00 | 0 | 0:22 | 0 | 33% |
9 | 0 | 0 |
| Robert Bortuzzo | D | 0 | 0 | 0 | -1 | 0 | 1 | 0 | 0 | 14:02 | 0:00 | 0 | 2:23 | 0 | 0% |
0 | 0 | 1 |
| Ryan Reaves | LW/RW | 0 | 0 | 0 | 0 | 0 | 2 | 2 | 0 | 6:55 | 0:00 | 0 | 0:00 | 0 | 0% |
0 | 0 | 0 |
| Sonny Milano | LW/RW | 0 | 0 | 0 | 0 | 0 | 0 | 0 | 0 | 8:42 | 1:31 | 0 | 0:00 | 0 | 0% |
0 | 2 | 0 |
| Travis Dermott | D | 0 | 1 | 1 | 0 | 6 | 1 | 1 | 2 | 23:41 | 2:13 | 1 | 1:16 | 0 | 0% |
0 | 0 | 1 |
Avalanche
| 5 vs 5 Forward |
|---|
| Line # | Left Wing | Center | Right Wing | PHY | DF | OF | Wanted % | Time % | Time Play |
| 1 | Morgan Geekie | Brayden Point | David Pastrnak | 1 | 1 | 3 | 36 | 34% | 16:28
|
| 2 | Artemi Panarin | Bo Horvat | Jordan Kyrou | 1 | 1 | 3 | 32 | 30% | 14:21
|
| 3 | J.J. Peterka | Jordan Staal | Matty Beniers | 1 | 2 | 2 | 23 | 21% | 9:54
|
| 4 | Michael Bunting | Leo Carlsson | Logan O'Connor | 1 | 3 | 1 | 9 | 15% | 7:22
|
| 5 vs 5 Defense |
|---|
| Line # | Defense | Defense | | PHY | DF | OF | Wanted % | Time % | Time Play |
| 1 | Jake Sanderson | Alex Pietrangelo | | 1 | 2 | 2 | 38 | 37% | 18:00
|
| 2 | Travis Sanheim | Esa Lindell | | 1 | 3 | 1 | 35 | 36% | 17:15
|
| 3 | Dylan DeMelo | Ryker Evans | | 1 | 3 | 1 | 22 | 25% | 12:09
|
| 4 | Jake Sanderson | Travis Sanheim | | 1 | 1 | 3 | 5 | 1% | 0:41
|
| Power Play Forward |
|---|
| Line # | Left Wing | Center | Right Wing | PHY | DF | OF | Wanted % | Time % | Time Play |
| 1 | Artemi Panarin | Bo Horvat | David Pastrnak | 1 | 0 | 4 | 55 | 56% | 4:25
|
| 2 | J.J. Peterka | Matty Beniers | Jordan Kyrou | 1 | 0 | 4 | 45 | 44% | 3:32
|
| Power Play Defense |
|---|
| Line # | Defense | Defense | | PHY | DF | OF | Wanted % | Time % | Time Play |
| 1 | Brayden Point | Jake Sanderson | | 1 | 1 | 3 | 55 | 55% | 4:20
|
| 2 | Travis Sanheim | Alex Pietrangelo | | 1 | 1 | 3 | 45 | 45% | 3:37
|
| Penalty Kill 4 Players Forward |
|---|
| Line # | Center | Wing | PHY | DF | OF | Wanted % | Time % | Time Play |
| 1 | Jordan Staal | Logan O'Connor | 1 | 3 | 1 | 60 | 84% | 3:20
|
| 2 | Bo Horvat | Morgan Geekie | 1 | 3 | 1 | 40 | 16% | 0:38
|
| Penalty Kill 4 Players Defense |
|---|
| Line # | Defense | Defense | PHY | DF | OF | Wanted % | Time % | Time Play |
| 1 | Esa Lindell | Dylan DeMelo | 1 | 3 | 1 | 60 | 62% | 2:28
|
| 2 | Jake Sanderson | Alex Pietrangelo | 1 | 3 | 1 | 40 | 38% | 1:30
|
| Penalty Kill 3 Players |
|---|
| Line # | Wing | PHY | DF | OF | Wanted % | Time % | Time Play | Defense | Defense | PHY | DF | OF | Wanted % | Time % | Time Play |
| 1 | Jordan Staal | 1 | 4 | 0 | 60 | 0% | 0:00
| Esa Lindell | Dylan DeMelo | 1 | 4 | 0 | 60 | 0% | 0:00
|
| 2 | Bo Horvat | 1 | 4 | 0 | 40 | 0% | 0:00
| Jake Sanderson | Alex Pietrangelo | 1 | 4 | 0 | 40 | 0% | 0:00
|
| 4 vs 4 Forward |
|---|
| Line # | Center | Wing | PHY | DF | OF | Wanted % | Time % | Time Play |
| 1 | Brayden Point | David Pastrnak | 1 | 2 | 2 | 55 | 0% | 0:00
|
| 2 | Bo Horvat | Artemi Panarin | 1 | 2 | 2 | 45 | 0% | 0:00
|
| 4 vs 4 Defense |
|---|
| Line # | Defense | | PHY | DF | OF | Wanted % | Time % | Time Play |
| 1 | Jake Sanderson | Travis Sanheim | 1 | 2 | 2 | 60 | 0% | 0:00
|
| 2 | Alex Pietrangelo | Esa Lindell | 1 | 2 | 2 | 40 | 0% | 0:00
|
| Last Minutes Offensive |
|---|
| Left Wing | Center | Right Wing | Defense | Defense |
| Artemi Panarin | Brayden Point | David Pastrnak | Jake Sanderson | Travis Sanheim |
| Last Minutes Defensive |
|---|
| Left Wing | Center | Right Wing | Defense | Defense |
| Jordan Staal | Bo Horvat | Logan O'Connor | Esa Lindell | Jake Sanderson |
| Time |
|---|
| Total Forward | Total Defense | Last Minutes Offensive | Last Minutes Defensive |
| 60:00 |
60:00 |
0:00 | 0:00 |
| Extra Forwards |
|---|
| Normal | PowerPlay | Penalty Kill |
|
Jordan Staal, Morgan Geekie, Matty Beniers | Jordan Staal, Morgan Geekie | Matty Beniers |
| Extra Defensemen |
|---|
| Normal | PowerPlay | Penalty Kill |
|
Dylan DeMelo, Ryker Evans, Alex Pietrangelo | Dylan DeMelo, Ryker Evans | Alex Pietrangelo |
| Penalty Shots |
|---|
|
David Pastrnak, Brayden Point, Artemi Panarin, Bo Horvat, Jordan Kyrou |
| Goalie |
|---|
| Jeremy Swayman, Alex Nedeljkovic |
| Scratches |
|---|
|
Brett Leason (Healthy), Emil Lilleberg (Healthy) |
Islanders
| 5 vs 5 Forward |
|---|
| Line # | Left Wing | Center | Right Wing | PHY | DF | OF | Wanted % | Time % | Time Play |
| 1 | Evgenii Dadonov | Eric Robinson | Mathieu Joseph | 2 | 1 | 2 | 40 | 36% | 17:29
|
| 2 | Anthony Duclair | Matt Martin | Matt Coronato | 2 | 1 | 2 | 30 | 29% | 13:50
|
| 3 | Brock McGinn | Mike Hoffman | Jakub Vrana | 1 | 1 | 3 | 20 | 20% | 9:51
|
| 4 | Sonny Milano | Collin Graf | Ryan Reaves | 2 | 2 | 1 | 10 | 14% | 6:55
|
| 5 vs 5 Defense |
|---|
| Line # | Defense | Defense | | PHY | DF | OF | Wanted % | Time % | Time Play |
| 1 | Travis Dermott | Marc-Edouard Vlasic | | 2 | 3 | 0 | 44 | 44% | 21:08
|
| 2 | Conor Timmins | Josh Mahura | | 2 | 3 | 0 | 33 | 34% | 16:32
|
| 3 | Ben Hutton | Robert Bortuzzo | | 2 | 3 | 0 | 23 | 22% | 10:25
|
| 4 | Travis Dermott | Marc-Edouard Vlasic | | 2 | 3 | 0 | 0 | 0% | 0:00
|
| Power Play Forward |
|---|
| Line # | Left Wing | Center | Right Wing | PHY | DF | OF | Wanted % | Time % | Time Play |
| 1 | Evgenii Dadonov | Eric Robinson | Mathieu Joseph | 0 | 0 | 5 | 75 | 62% | 2:28
|
| 2 | Anthony Duclair | Matt Martin | Jakub Vrana | 0 | 0 | 5 | 25 | 38% | 1:30
|
| Power Play Defense |
|---|
| Line # | Defense | Defense | | PHY | DF | OF | Wanted % | Time % | Time Play |
| 1 | Travis Dermott | Matt Coronato | | 0 | 0 | 5 | 75 | 62% | 2:27
|
| 2 | Marc-Edouard Vlasic | Sonny Milano | | 0 | 0 | 5 | 25 | 38% | 1:31
|
| Penalty Kill 4 Players Forward |
|---|
| Line # | Center | Wing | PHY | DF | OF | Wanted % | Time % | Time Play |
| 1 | Matt Martin | Mathieu Joseph | 0 | 5 | 0 | 60 | 71% | 5:37
|
| 2 | Eric Robinson | Evgenii Dadonov | 0 | 5 | 0 | 40 | 29% | 2:20
|
| Penalty Kill 4 Players Defense |
|---|
| Line # | Defense | Defense | PHY | DF | OF | Wanted % | Time % | Time Play |
| 1 | Travis Dermott | Marc-Edouard Vlasic | 0 | 5 | 0 | 60 | 73% | 5:48
|
| 2 | Josh Mahura | Ben Hutton | 0 | 5 | 0 | 40 | 27% | 2:09
|
| Penalty Kill 3 Players |
|---|
| Line # | Wing | PHY | DF | OF | Wanted % | Time % | Time Play | Defense | Defense | PHY | DF | OF | Wanted % | Time % | Time Play |
| 1 | Matt Martin | 0 | 5 | 0 | 50 | 0% | 0:00
| Travis Dermott | Marc-Edouard Vlasic | 0 | 5 | 0 | 65 | 0% | 0:00
|
| 2 | Eric Robinson | 0 | 5 | 0 | 50 | 0% | 0:00
| Josh Mahura | Ben Hutton | 0 | 5 | 0 | 35 | 0% | 0:00
|
| 4 vs 4 Forward |
|---|
| Line # | Center | Wing | PHY | DF | OF | Wanted % | Time % | Time Play |
| 1 | Matt Martin | Evgenii Dadonov | 2 | 1 | 2 | 60 | 0% | 0:00
|
| 2 | Mike Hoffman | Eric Robinson | 1 | 1 | 3 | 40 | 0% | 0:00
|
| 4 vs 4 Defense |
|---|
| Line # | Defense | | PHY | DF | OF | Wanted % | Time % | Time Play |
| 1 | Travis Dermott | Marc-Edouard Vlasic | 2 | 3 | 0 | 60 | 0% | 0:00
|
| 2 | Josh Mahura | Ben Hutton | 2 | 3 | 0 | 40 | 0% | 0:00
|
| Last Minutes Offensive |
|---|
| Left Wing | Center | Right Wing | Defense | Defense |
| Evgenii Dadonov | Eric Robinson | Mathieu Joseph | Travis Dermott | Marc-Edouard Vlasic |
| Last Minutes Defensive |
|---|
| Left Wing | Center | Right Wing | Defense | Defense |
| Evgenii Dadonov | Matt Martin | Mathieu Joseph | Travis Dermott | Marc-Edouard Vlasic |
| Time |
|---|
| Total Forward | Total Defense | Last Minutes Offensive | Last Minutes Defensive |
| 60:00 |
60:00 |
0:00 | 0:00 |
| Extra Forwards |
|---|
| Normal | PowerPlay | Penalty Kill |
|
Anthony Duclair, Brock McGinn, Matt Martin | Anthony Duclair, Brock McGinn | Anthony Duclair |
| Extra Defensemen |
|---|
| Normal | PowerPlay | Penalty Kill |
|
Ben Hutton, Robert Bortuzzo, Travis Dermott | Ben Hutton, Ben Hutton | Robert Bortuzzo |
| Penalty Shots |
|---|
|
Evgenii Dadonov, Anthony Duclair, Matt Coronato, Eric Robinson, Mathieu Joseph |
| Goalie |
|---|
| Chris Driedger, Frederik Andersen |
| Scratches |
|---|
|
Derek Forbort (Strained Back Injury), Ethan Bear (Healthy), Matthew Poitras (Healthy), Caleb Jones (Healthy), Alexander Nylander (Healthy) |
Play-by-Play
1st period
0:01 of 1st period - Brayden Point wins face-off versus Eric Robinson in neutral zone.
0:26 of 1st period - Eric Robinson is hit by Jordan Staal and loses puck.
0:51 of 1st period - Snap shot by Artemi Panarin.
0:51 of 1st period - Stopped by Chris Driedger with a rebound.
1:01 of 1st period - Snap shot by Evgenii Dadonov.
1:01 of 1st period - Shot Misses the Net.
1:05 of 1st period - Wrist shot by Mathieu Joseph.
1:05 of 1st period - Deflect By Artemi Panarin.
1:05 of 1st period - Shot Hit the Post.
1:05 of 1st period - Puck is out of play.
1:06 of 1st period - Matt Martin wins face-off versus Leo Carlsson in Avalanche zone.
1:11 of 1st period - Wrist shot by Anthony Duclair.
1:11 of 1st period - Stopped by Jeremy Swayman with a rebound.
3:16 of 1st period - Off-side.
3:17 of 1st period - Mike Hoffman wins face-off versus David Pastrnak in neutral zone.
3:24 of 1st period - Snap shot by David Pastrnak.
3:24 of 1st period - Stopped by Chris Driedger without a rebound.
3:25 of 1st period - Matt Martin wins face-off versus Brayden Point in Islanders zone.
3:32 of 1st period - Wrist shot by Matt Coronato.
3:32 of 1st period - Shot Hit the Post.
3:54 of 1st period - Wrist shot by Brayden Point.
3:54 of 1st period - Shot Blocked by Matt Coronato.
3:56 of 1st period - Slapshot by Alex Pietrangelo.
3:56 of 1st period - Stopped by Chris Driedger with a rebound.
3:58 of 1st period - Slapshot by Alex Pietrangelo.
3:58 of 1st period - Shot Misses the Net.
4:10 of 1st period - Slapshot by David Pastrnak.
4:10 of 1st period - Shot Misses the Net.
4:12 of 1st period - Slapshot by Jake Sanderson.
4:12 of 1st period - Stopped by Chris Driedger with a rebound.
4:14 of 1st period - Snap shot by David Pastrnak.
4:14 of 1st period - Stopped by Chris Driedger without a rebound.
4:15 of 1st period - Eric Robinson wins face-off versus Bo Horvat in Islanders zone.
4:15 of 1st period - Eric Robinson is hit by Bo Horvat.
4:42 of 1st period - Jordan Staal is hit by Mike Hoffman and loses puck.
5:11 of 1st period - Jake Sanderson is hit by Collin Graf and loses puck.
6:17 of 1st period - Snap shot by J.J. Peterka.
6:17 of 1st period - Stopped by Chris Driedger with a rebound.
6:41 of 1st period - Wrist shot by Brock McGinn.
6:41 of 1st period - Shot Misses the Net.
7:34 of 1st period - Jakub Vrana is hit by J.J. Peterka and loses puck.
8:03 of 1st period - Snap shot by Ryan Reaves.
8:03 of 1st period - Stopped by Jeremy Swayman without a rebound.
8:04 of 1st period - Eric Robinson wins face-off versus Bo Horvat in Avalanche zone.
8:12 of 1st period - Off-side.
8:13 of 1st period - Bo Horvat wins face-off versus Eric Robinson in neutral zone.
8:16 of 1st period - Snap shot by Artemi Panarin.
8:16 of 1st period - Shot Blocked by Marc-Edouard Vlasic.
8:34 of 1st period - Wrist shot by Jordan Kyrou.
8:34 of 1st period - Shot Misses the Net.
8:44 of 1st period - Snap shot by Artemi Panarin.
8:44 of 1st period - Stopped by Chris Driedger with a rebound.
8:46 of 1st period - Slapshot by Esa Lindell.
8:46 of 1st period - Stopped by Chris Driedger with a rebound.
8:50 of 1st period - Snap shot by Bo Horvat.
8:50 of 1st period - Shot Blocked by Travis Dermott.
8:52 of 1st period - Slapshot by Travis Sanheim.
8:52 of 1st period - Stopped by Chris Driedger without a rebound.
8:53 of 1st period - Matt Coronato wins face-off versus Brayden Point in Islanders zone.
9:04 of 1st period - Wrist shot by Matt Coronato.
9:04 of 1st period - Shot Blocked by Jake Sanderson.
9:13 of 1st period - Minor Penalty to Ben Hutton for Roughing.
9:14 of 1st period - Bo Horvat wins face-off versus Matt Martin in Islanders zone.
9:49 of 1st period - Robert Bortuzzo is hit by J.J. Peterka.
11:13 of 1st period - Penalty to Ben Hutton is over, Ben Hutton is back on ice.
11:21 of 1st period - Wrist shot by Brock McGinn.
11:21 of 1st period - Stopped by Jeremy Swayman without a rebound.
11:22 of 1st period - Michael Bunting wins face-off versus Mike Hoffman in Avalanche zone.
11:22 of 1st period - Michael Bunting is hit by Mike Hoffman.
11:45 of 1st period - Snap shot by Michael Bunting.
11:45 of 1st period - Deflect By Leo Carlsson.
11:45 of 1st period - Shot Misses the Net.
11:45 of 1st period - Puck is out of play.
11:46 of 1st period - Brayden Point wins face-off versus Eric Robinson in Islanders zone.
11:49 of 1st period - Snap shot by Brayden Point.
11:49 of 1st period - Deflect By David Pastrnak.
11:49 of 1st period - Shot Misses the Net.
11:49 of 1st period - Puck is out of play.
11:50 of 1st period - Eric Robinson wins face-off versus Brayden Point in Islanders zone.
11:59 of 1st period - Wrist shot by Eric Robinson.
11:59 of 1st period - Stopped by Jeremy Swayman with a rebound.
12:01 of 1st period - Wrist shot by Eric Robinson.
12:01 of 1st period - Stopped by Jeremy Swayman with a rebound.
12:07 of 1st period - Snap shot by Eric Robinson.
12:07 of 1st period - Shot Misses the Net.
12:17 of 1st period - Brayden Point is hit by Ben Hutton and loses puck.
13:31 of 1st period - Logan O'Connor is hit by Josh Mahura and loses puck.
13:38 of 1st period - Snap shot by Ryan Reaves.
13:38 of 1st period - Stopped by Jeremy Swayman without a rebound.
13:39 of 1st period - Bo Horvat wins face-off versus Matt Martin in Avalanche zone.
14:07 of 1st period - Minor Penalty to Dylan DeMelo for Tripping.
14:08 of 1st period - Jordan Staal wins face-off versus Eric Robinson in Avalanche zone.
14:16 of 1st period - Slapshot by Matt Coronato.
14:16 of 1st period - Shot Blocked by Logan O'Connor.
14:18 of 1st period - Wrist shot by Travis Dermott.
14:18 of 1st period - Shot Blocked by Logan O'Connor.
14:20 of 1st period - Snap shot by Travis Dermott.
14:20 of 1st period - Stopped by Jeremy Swayman without a rebound.
14:21 of 1st period - Jordan Staal wins face-off versus Eric Robinson in Avalanche zone.
14:30 of 1st period - Jordan Staal is hit by Matt Coronato and loses puck.
16:07 of 1st period - Penalty to Dylan DeMelo is over, Dylan DeMelo is back on ice.
16:31 of 1st period - Snap shot by David Pastrnak.
16:31 of 1st period - Stopped by Chris Driedger without a rebound.
16:32 of 1st period - Brayden Point wins face-off versus Collin Graf in Islanders zone.
16:49 of 1st period - Jake Sanderson is hit by Collin Graf and loses puck.
17:25 of 1st period - Jake Sanderson is hit by Mathieu Joseph and loses puck.
18:39 of 1st period - Wrist shot by J.J. Peterka.
18:39 of 1st period - Stopped by Chris Driedger without a rebound.
18:40 of 1st period - Jordan Staal wins face-off versus Mike Hoffman in Islanders zone.
18:41 of 1st period - Wrist shot by J.J. Peterka.
18:41 of 1st period - Shot Misses the Net.
19:07 of 1st period - Morgan Geekie is hit by Mathieu Joseph and loses puck.
19:14 of 1st period - Wrist shot by David Pastrnak.
19:14 of 1st period - Shot Blocked by Mathieu Joseph.
19:16 of 1st period - Slapshot by Morgan Geekie.
19:16 of 1st period - Stopped by Chris Driedger with a rebound.
19:18 of 1st period - Backhand shot by Dylan DeMelo.
19:18 of 1st period - Shot Misses the Net.
19:59 of 1st period - Snap shot by Matty Beniers.
19:59 of 1st period - Stopped by Chris Driedger with a rebound.
Goals for this period are 0 for Avalanche vs 0 for Islanders.
Shots for this period are 13 for Avalanche vs 7 for Islanders.
2nd period
0:01 of 2nd period - Eric Robinson wins face-off versus Brayden Point in neutral zone.
0:03 of 2nd period - Minor Penalty to Travis Dermott for Interference.
0:04 of 2nd period - Mathieu Joseph wins face-off versus Bo Horvat in Islanders zone.
0:12 of 2nd period - Matt Martin is hit by Artemi Panarin and loses puck.
2:03 of 2nd period - Penalty to Travis Dermott is over, Travis Dermott is back on ice.
2:10 of 2nd period - Wrist shot by Logan O'Connor.
2:10 of 2nd period - Stopped by Chris Driedger with a rebound.
2:36 of 2nd period - Brayden Point is hit by Eric Robinson and loses puck.
3:01 of 2nd period - Wrist shot by Brock McGinn.
3:01 of 2nd period - Shot Blocked by Jake Sanderson.
3:15 of 2nd period - Snap shot by Brock McGinn.
3:15 of 2nd period - Shot Misses the Net.
3:37 of 2nd period - Dylan DeMelo is hit by Josh Mahura and loses puck.
3:54 of 2nd period - Robert Bortuzzo is hit by David Pastrnak and loses puck.
4:09 of 2nd period - Slapshot by Matt Martin.
4:09 of 2nd period - Shot Blocked by Matty Beniers.
4:15 of 2nd period - Slapshot by Travis Sanheim.
4:15 of 2nd period - Shot Hit the Post.
4:44 of 2nd period - Icing by Jordan Kyrou.
4:45 of 2nd period - Bo Horvat wins face-off versus Mathieu Joseph in Avalanche zone.
5:41 of 2nd period - Wrist shot by Michael Bunting.
5:41 of 2nd period - Stopped by Chris Driedger with a rebound.
5:43 of 2nd period - Slapshot by Alex Pietrangelo.
5:43 of 2nd period - Deflect By Michael Bunting.
5:43 of 2nd period - Stopped by Chris Driedger without a rebound.
5:44 of 2nd period - Bo Horvat wins face-off versus Eric Robinson in Islanders zone.
6:15 of 2nd period - Wrist shot by Matty Beniers.
6:15 of 2nd period - Stopped by Chris Driedger with a rebound.
6:27 of 2nd period - Snap shot by Mathieu Joseph.
6:27 of 2nd period - Shot Hit the Post.
6:29 of 2nd period - Slapshot by Robert Bortuzzo.
6:29 of 2nd period - Shot Misses the Net.
6:31 of 2nd period - Snap shot by Ben Hutton.
6:31 of 2nd period - Stopped by Jeremy Swayman without a rebound.
6:32 of 2nd period - Matt Martin wins face-off versus Brayden Point in Avalanche zone.
6:39 of 2nd period - Alex Pietrangelo is hit by Matt Martin and loses puck.
6:55 of 2nd period - Icing by Anthony Duclair.
6:56 of 2nd period - Bo Horvat wins face-off versus Mike Hoffman in Islanders zone.
7:27 of 2nd period - Wrist shot by Matt Coronato.
7:27 of 2nd period - Shot Blocked by Brayden Point.
7:29 of 2nd period - Snap shot by Matt Coronato.
7:29 of 2nd period - Deflect By Matt Martin.
7:29 of 2nd period - Stopped by Jeremy Swayman without a rebound.
7:30 of 2nd period - Brayden Point wins face-off versus Eric Robinson in Avalanche zone.
7:30 of 2nd period - Brayden Point is hit by Mathieu Joseph.
7:56 of 2nd period - Off-side.
7:57 of 2nd period - Bo Horvat wins face-off versus Matt Martin in neutral zone.
8:31 of 2nd period - Slapshot by Jake Sanderson.
8:31 of 2nd period - Shot Misses the Net.
8:33 of 2nd period - Snap shot by David Pastrnak.
8:33 of 2nd period - Stopped by Chris Driedger without a rebound.
8:34 of 2nd period - Jordan Staal wins face-off versus Eric Robinson in Islanders zone.
8:39 of 2nd period - Wrist shot by J.J. Peterka.
8:39 of 2nd period - Stopped by Chris Driedger with a rebound.
8:47 of 2nd period - Backhand shot by Jake Sanderson.
8:47 of 2nd period - Goal by Jake Sanderson - Avalanche : 1 - Islanders : 0.
8:48 of 2nd period - Eric Robinson wins face-off versus Brayden Point in neutral zone.
9:17 of 2nd period - Double Minor Penalty to Travis Dermott for Roughing.
9:18 of 2nd period - Bo Horvat wins face-off versus Matt Martin in Islanders zone.
11:37 of 2nd period - Eric Robinson is hit by Jordan Staal and loses puck.
12:49 of 2nd period - Jordan Kyrou is hit by Robert Bortuzzo and loses puck.
13:17 of 2nd period - Penalty to Travis Dermott is over, Travis Dermott is back on ice.
13:27 of 2nd period - Ben Hutton is hit by Travis Sanheim and loses puck.
13:50 of 2nd period - Snap shot by Sonny Milano.
13:50 of 2nd period - Shot Blocked by Logan O'Connor.
14:38 of 2nd period - Wrist shot by Brock McGinn.
14:38 of 2nd period - Shot Blocked by Esa Lindell.
15:31 of 2nd period - Icing by Eric Robinson.
15:32 of 2nd period - Jordan Staal wins face-off versus Mike Hoffman in Islanders zone.
15:33 of 2nd period - Snap shot by J.J. Peterka.
15:33 of 2nd period - Shot Blocked by Travis Dermott.
15:57 of 2nd period - Marc-Edouard Vlasic is hit by Dylan DeMelo and loses puck.
16:06 of 2nd period - Snap shot by Logan O'Connor.
16:06 of 2nd period - Goal by Logan O'Connor - Avalanche : 2 - Islanders : 0.
16:07 of 2nd period - Brayden Point wins face-off versus Eric Robinson in neutral zone.
16:18 of 2nd period - Wrist shot by Eric Robinson.
16:18 of 2nd period - Stopped by Jeremy Swayman without a rebound.
16:19 of 2nd period - Bo Horvat wins face-off versus Eric Robinson in Avalanche zone.
17:35 of 2nd period - Snap shot by Evgenii Dadonov.
17:35 of 2nd period - Stopped by Jeremy Swayman with a rebound.
18:22 of 2nd period - Dylan DeMelo is hit by Matt Martin and loses puck.
18:41 of 2nd period - Slapshot by Mathieu Joseph.
18:41 of 2nd period - Stopped by Jeremy Swayman with a rebound.
19:20 of 2nd period - Snap shot by Bo Horvat.
19:20 of 2nd period - Stopped by Chris Driedger without a rebound.
19:21 of 2nd period - Bo Horvat wins face-off versus Eric Robinson in Islanders zone.
19:32 of 2nd period - Wrist shot by Artemi Panarin.
19:32 of 2nd period - Shot Misses the Net.
19:34 of 2nd period - Slapshot by Artemi Panarin.
19:34 of 2nd period - Goal by Artemi Panarin - Avalanche : 3 - Islanders : 0.
19:35 of 2nd period - Brayden Point wins face-off versus Eric Robinson in neutral zone.
19:42 of 2nd period - Wrist shot by Brayden Point.
19:42 of 2nd period - Stopped by Chris Driedger without a rebound.
19:43 of 2nd period - Brayden Point wins face-off versus Eric Robinson in Islanders zone.
19:48 of 2nd period - Wrist shot by David Pastrnak.
19:48 of 2nd period - Goal by David Pastrnak - Avalanche : 4 - Islanders : 0.
19:49 of 2nd period - Brayden Point wins face-off versus Eric Robinson in neutral zone.
Goals for this period are 4 for Avalanche vs 0 for Islanders.
Shots for this period are 12 for Avalanche vs 5 for Islanders.
3rd period
0:01 of 3rd period - Eric Robinson wins face-off versus Bo Horvat in neutral zone.
0:26 of 3rd period - Travis Sanheim is hit by Anthony Duclair and loses puck.
0:33 of 3rd period - Snap shot by Anthony Duclair.
0:33 of 3rd period - Stopped by Jeremy Swayman without a rebound.
0:34 of 3rd period - Brayden Point wins face-off versus Matt Martin in Avalanche zone.
0:34 of 3rd period - Brayden Point is hit by Josh Mahura.
2:10 of 3rd period - Icing by Brayden Point.
2:11 of 3rd period - Eric Robinson wins face-off versus Morgan Geekie in Avalanche zone.
2:32 of 3rd period - Eric Robinson is hit by Dylan DeMelo and loses puck.
2:45 of 3rd period - Snap shot by David Pastrnak.
2:45 of 3rd period - Stopped by Chris Driedger with a rebound.
2:47 of 3rd period - Slapshot by Dylan DeMelo.
2:47 of 3rd period - Stopped by Chris Driedger without a rebound.
2:48 of 3rd period - Bo Horvat wins face-off versus Matt Martin in Islanders zone.
3:23 of 3rd period - Off-side.
3:24 of 3rd period - Eric Robinson wins face-off versus Brayden Point in neutral zone.
3:58 of 3rd period - Snap shot by Artemi Panarin.
3:58 of 3rd period - Shot Misses the Net.
4:12 of 3rd period - Jordan Staal is hit by Mike Hoffman and loses puck.
4:19 of 3rd period - Snap shot by Jakub Vrana.
4:19 of 3rd period - Stopped by Jeremy Swayman with a rebound.
4:21 of 3rd period - Slapshot by Marc-Edouard Vlasic.
4:21 of 3rd period - Shot Misses the Net.
4:23 of 3rd period - Slapshot by Marc-Edouard Vlasic.
4:23 of 3rd period - Deflect By Brock McGinn.
4:23 of 3rd period - Shot Misses the Net.
4:23 of 3rd period - Puck is out of play.
4:24 of 3rd period - Eric Robinson wins face-off versus Brayden Point in Avalanche zone.
4:25 of 3rd period - Snap shot by Evgenii Dadonov.
4:25 of 3rd period - Shot Blocked by David Pastrnak.
4:51 of 3rd period - Conor Timmins is hit by Artemi Panarin and loses puck.
5:09 of 3rd period - Icing by Esa Lindell.
5:10 of 3rd period - Mike Hoffman wins face-off versus Jordan Staal in Avalanche zone.
5:41 of 3rd period - Wrist shot by Brayden Point.
5:41 of 3rd period - Deflect By Robert Bortuzzo.
5:41 of 3rd period - Stopped by Chris Driedger without a rebound.
5:42 of 3rd period - Eric Robinson wins face-off versus Brayden Point in Islanders zone.
7:01 of 3rd period - Wrist shot by Evgenii Dadonov.
7:01 of 3rd period - Stopped by Jeremy Swayman with a rebound.
7:03 of 3rd period - Snap shot by Eric Robinson.
7:03 of 3rd period - Shot Blocked by Esa Lindell.
7:05 of 3rd period - Slapshot by Josh Mahura.
7:05 of 3rd period - Shot Misses the Net.
7:07 of 3rd period - Wrist shot by Eric Robinson.
7:07 of 3rd period - Deflect By Evgenii Dadonov.
7:07 of 3rd period - Stopped by Jeremy Swayman without a rebound.
7:08 of 3rd period - Bo Horvat wins face-off versus Eric Robinson in Avalanche zone.
7:08 of 3rd period - Bo Horvat is hit by Mathieu Joseph.
7:20 of 3rd period - Wrist shot by Eric Robinson.
7:20 of 3rd period - Goal by Eric Robinson - Avalanche : 4 - Islanders : 1.
7:21 of 3rd period - Bo Horvat wins face-off versus Eric Robinson in neutral zone.
7:53 of 3rd period - Off-side.
7:54 of 3rd period - Mike Hoffman wins face-off versus Brayden Point in neutral zone.
7:59 of 3rd period - Snap shot by Mike Hoffman.
7:59 of 3rd period - Stopped by Jeremy Swayman with a rebound.
8:21 of 3rd period - Jordan Staal is hit by Evgenii Dadonov and loses puck.
9:13 of 3rd period - Minor Penalty to Alex Pietrangelo for Holding Stick.
9:14 of 3rd period - Jordan Staal wins face-off versus Evgenii Dadonov in Avalanche zone.
9:24 of 3rd period - Slapshot by Matt Coronato.
9:24 of 3rd period - Stopped by Jeremy Swayman with a rebound.
11:13 of 3rd period - Penalty to Alex Pietrangelo is over, Alex Pietrangelo is back on ice.
11:24 of 3rd period - Snap shot by Brayden Point.
11:24 of 3rd period - Stopped by Chris Driedger with a rebound.
11:26 of 3rd period - Slapshot by Travis Sanheim.
11:26 of 3rd period - Shot Blocked by Brock McGinn.
11:28 of 3rd period - Snap shot by Brayden Point.
11:28 of 3rd period - Deflect By Alex Pietrangelo.
11:28 of 3rd period - Stopped by Chris Driedger without a rebound.
11:29 of 3rd period - Brayden Point wins face-off versus Mike Hoffman in Islanders zone.
11:38 of 3rd period - Snap shot by Morgan Geekie.
11:38 of 3rd period - Shot Hit the Post.
11:55 of 3rd period - Snap shot by Mathieu Joseph.
11:55 of 3rd period - Shot Blocked by Travis Sanheim.
12:37 of 3rd period - Slapshot by Jake Sanderson.
12:37 of 3rd period - Stopped by Chris Driedger with a rebound.
12:39 of 3rd period - Slapshot by Jake Sanderson.
12:39 of 3rd period - Stopped by Chris Driedger with a rebound.
13:11 of 3rd period - Robert Bortuzzo is hit by Dylan DeMelo.
13:19 of 3rd period - Ben Hutton is hit by Artemi Panarin and loses puck.
13:32 of 3rd period - Brayden Point is hit by Eric Robinson and loses puck.
13:56 of 3rd period - Snap shot by Matt Coronato.
13:56 of 3rd period - Stopped by Jeremy Swayman without a rebound.
13:57 of 3rd period - Matt Martin wins face-off versus Jordan Staal in Avalanche zone.
14:42 of 3rd period - Snap shot by J.J. Peterka.
14:42 of 3rd period - Stopped by Chris Driedger without a rebound.
14:43 of 3rd period - Eric Robinson wins face-off versus Bo Horvat in Islanders zone.
15:18 of 3rd period - Snap shot by Brock McGinn.
15:18 of 3rd period - Shot Misses the Net.
15:20 of 3rd period - Slapshot by Josh Mahura.
15:20 of 3rd period - Shot Misses the Net.
15:22 of 3rd period - Slapshot by Jakub Vrana.
15:22 of 3rd period - Stopped by Jeremy Swayman without a rebound.
15:23 of 3rd period - Bo Horvat wins face-off versus Collin Graf in Avalanche zone.
15:23 of 3rd period - Bo Horvat is hit by Ryan Reaves.
15:38 of 3rd period - Wrist shot by Ryan Reaves.
15:38 of 3rd period - Shot Misses the Net.
16:01 of 3rd period - Snap shot by Jordan Kyrou.
16:01 of 3rd period - Shot Misses the Net.
16:03 of 3rd period - Snap shot by Artemi Panarin.
16:03 of 3rd period - Shot Blocked by Marc-Edouard Vlasic.
16:05 of 3rd period - Backhand shot by Bo Horvat.
16:05 of 3rd period - Deflect By Matt Coronato.
16:05 of 3rd period - Stopped by Chris Driedger without a rebound.
16:06 of 3rd period - Brayden Point wins face-off versus Eric Robinson in Islanders zone.
16:17 of 3rd period - Snap shot by Brayden Point.
16:17 of 3rd period - Stopped by Chris Driedger without a rebound.
16:18 of 3rd period - Brayden Point wins face-off versus Eric Robinson in Islanders zone.
16:35 of 3rd period - Morgan Geekie is hit by Travis Dermott and loses puck.
16:54 of 3rd period - Snap shot by J.J. Peterka.
16:54 of 3rd period - Shot Misses the Net.
17:40 of 3rd period - Wrist shot by Leo Carlsson.
17:40 of 3rd period - Shot Misses the Net.
17:42 of 3rd period - Wrist shot by Michael Bunting.
17:42 of 3rd period - Stopped by Chris Driedger with a rebound.
17:44 of 3rd period - Snap shot by Travis Sanheim.
17:44 of 3rd period - Stopped by Chris Driedger with a rebound.
17:58 of 3rd period - Slapshot by Jakub Vrana.
17:58 of 3rd period - Deflect By Mike Hoffman.
17:58 of 3rd period - Shot Misses the Net.
17:58 of 3rd period - Puck is out of play.
17:59 of 3rd period - Brayden Point wins face-off versus Mike Hoffman in Avalanche zone.
18:04 of 3rd period - Snap shot by David Pastrnak.
18:04 of 3rd period - Shot Blocked by Conor Timmins.
18:28 of 3rd period - Slapshot by Jakub Vrana.
18:28 of 3rd period - Shot Misses the Net.
18:30 of 3rd period - Snap shot by Brock McGinn.
18:30 of 3rd period - Deflect By Jakub Vrana.
18:30 of 3rd period - Shot Blocked by Bo Horvat.
18:30 of 3rd period - Puck is out of play.
18:31 of 3rd period - Brayden Point wins face-off versus Matt Martin in Avalanche zone.
18:33 of 3rd period - Travis Sanheim is hit by Matt Martin and loses puck.
18:57 of 3rd period - Bo Horvat is hit by Ryan Reaves and loses puck.
Goals for this period are 0 for Avalanche vs 1 for Islanders.
Shots for this period are 12 for Avalanche vs 9 for Islanders.